 Dungeon Crawl Stone Soup version 0.29.0-15-g675c0067aa (webtiles) character file.

Game seed: 5594391076520870332

378 unlimited1921 the Magician (level 7, -12/45 HPs)
             Began as a Djinni Fire Elementalist on Sept 11, 2022.
             Killed by divine providence
             ... invoked by an orc priest
              (16 damage)
             ... on level 4 of the Dungeon.
             The game lasted 00:09:39 (6597 turns).

unlimited1921 the Magician (DjFE)                   Turns: 6597, Time: 00:09:41

Health: -12/45     AC:  2    Str:  7    XL:     7   Next: 4%
Gold:   164        EV: 12    Int: 19    God:
                   SH:  0    Dex: 13

rFire   + + .      SeeInvis .   p - +1 hand axe (freeze)
rCold   x . .      Faith    .   (no shield)
rNeg    . . .      Spirit   .   a - +0 robe
rPois   ∞          Reflect  .   (no helmet)
rElec   .          Harm     .   (no cloak)
rCorr   .          Rampage  .   (no gloves)
Will    .....                   (boots unavailable)
Stlth   ++........              (no amulet)
HPRegen 0.15/turn               (no ring)
MPRegen 0.00/turn               (no ring)

@: flying
A: sickness immunity, fire resistance 2, cold vulnerability 1, float, innate
caster, HP casting, extra vitality 1
a: no special abilities


You were on level 4 of the Dungeon.
You visited 1 branch of the dungeon, and saw 4 of its levels.

You collected 164 gold pieces.

Inventory:

Hand Weapons
 d - a +0 quarterstaff
 l - a +0 war axe
 p - a +1 hand axe of freezing (weapon)
Missiles
 j - 4 stones
Armour
 a - a +0 robe (worn)
Wands
 n - a wand of light (12) (quivered)
Scrolls
 b - 2 scrolls of fear {unknown}
 f - a scroll of blinking {unknown}
 i - a scroll of magic mapping {unknown}
 k - a scroll of noise {unknown}
 m - 3 scrolls of teleportation
 o - 2 scrolls of poison {unknown}
 r - a scroll of enchant weapon {unknown}
 s - a scroll of vulnerability {unknown}
 u - a scroll of amnesia {unknown}
 v - a scroll of identify {unknown}
 w - a scroll of enchant armour {unknown}
 x - a scroll of fog {unknown}
Potions
 c - 4 potions of curing {unknown}
 e - a potion of heal wounds {unknown}
 g - 2 potions of resistance {unknown}
 h - a potion of degeneration {unknown}
 q - 2 potions of mutation {unknown}
 t - 2 potions of brilliance {unknown}


   Skills:
 + Level 0.1 Fighting
 + Level 0.5 Axes
 + Level 0.3 Staves
 + Level 2.4 Dodging
 + Level 2.6 Stealth
 + Level 5.2 Spellcasting


You couldn't memorise any spells.
You knew the following spells:

 Your Spells              Type           Power      Damage    Failure   Level
a - Foxfire               Conj/Fire      96%        2x1d8     1%          1
b - Scorch                Fire           48%        2d7       2%          2
c - Conjure Flame         Conj/Fire      24%        6-21      4%          3
d - Inner Flame           Hex/Fire       24%        N/A       4%          3
e - Flame Wave            Conj/Fire      24%        2d8       14%         4
f - Summon Small Mammal   Summ           96%        N/A       1%          1
g - Blink                 Tloc           48%        N/A       2%          2
h - Ozocubu's Armour      Ice            24%        N/A       4%          3
Your spell library was empty.

Dungeon Overview and Level Annotations

Branches:
Dungeon (4/15)
 Temple: D:4-7

Altars:


Innate Abilities, Weirdness & Mutations

You are immune to sickness and miasma.
You are immune to poison.
Your flesh is very heat resistant. (rF++)
You are vulnerable to cold. (rC-)
You float through the air rather than walking.
You learn spells naturally, not from books.
Your magical power is your life essence.
You have superior vitality. (+4 MHP)


Message History

Casting: Foxfire (safe; 1% risk of failure)
Confirm with . or Enter, or press ? or * to list all spells.
You conjure some foxfire!
The foxfire hits the orc.
Flame seeps out of the orc.
The orc is heavily wounded.
The orc is engulfed in blazing flames.
Flame seeps out of the orc.
The foxfire hits the orc but does no damage.
The orc is almost dead.
Your rat bites the orc but does no damage.
Casting: Foxfire (safe; 1% risk of failure)
Confirm with . or Enter, or press ? or * to list all spells.
Flames lash the orc.
The orc explodes!
The fiery explosion engulfs your rat!!
You kill your rat!
Your rat's corpse disappears in a puff of smoke!
You hear a shout!
The foxfire hits the orc priest but does no damage.
The orc priest invokes the aid of Beogh against you.
Beogh smites you!
* * * LOW HITPOINT WARNING * * *
Casting: Scorch (safe; 2% risk of failure)
Confirm with . or Enter, or press ? or * to list all spells.
Flames lash the orc priest.
The orc priest is moderately wounded.
The orc priest's fire resistance burns away.
* * * LOW HITPOINT WARNING * * *
Casting: Scorch (safe; 2% risk of failure)
Confirm with . or Enter, or press ? or * to list all spells.
Flames lash the orc priest.
The orc priest is burned terribly!
The orc priest is almost dead.
* * * LOW HITPOINT WARNING * * *
The orc priest hits you with a +0 dagger.
* * * LOW HITPOINT WARNING * * *
Casting: Scorch (safe; 2% risk of failure)
Confirm with . or Enter, or press ? or * to list all spells.
Flames lash the orc priest but do no damage.
* * * LOW HITPOINT WARNING * * *
The orc priest mumbles some strange prayers to Beogh against you.
Beogh smites you!
You die...

####### #.....#
##.###.# .#.# #.#
.#.###.###########
.................#
.#.#############.#
........ .......@#
.#...### #######o#
..[#.# #.# .###.#
# #.### .# ..
....###.#§######
.# ..
.......)........
...
.....##.#.######
... .... .....))
....
.....#.##.##.#


You could see an orc priest (combustible).

Vanquished Creatures
  An ogre (D:4)
  A scorpion (D:3)
  2 hounds (D:4)
  An orc priest (D:4)
  3 gnolls (D:3)
  4 adders
  2 worms
  2 dart slugs
  4 orcs (D:4)
  8 ball pythons
  3 endoplasms
  A giant cockroach (D:1)
  4 goblins
  4 hobgoblins
  7 jackals
  3 quokkas
  4 bats
  7 frilled lizards
  3 kobolds (D:1)
  9 rats
73 creatures vanquished.

Vanquished Creatures (others)
  115 foxfires
115 creatures vanquished.

Grand Total: 188 creatures vanquished

Notes
Turn   | Place    | Note
-------+----------+-------------------------------------------
     0 | D:1      | unlimited1921 the Djinni Fire Elementalist began the quest
                  | for the Orb.
     0 | D:1      | unlimited1921 set off with the following spells memorised:
                  | Foxfire, Scorch, Conjure Flame, Inner Flame, Flame Wave.
     0 | D:1      | Reached XP level 1. HP: 15/15 MP: 0/0
  1307 | D:1      | Reached XP level 2. HP: 15/21 MP: 0/0
  1599 | D:1      | Found a faded altar of an unknown god.
  2361 | D:1      | Reached skill level 3 in Spellcasting
  2361 | D:1      | Reached XP level 3. HP: 24/25 MP: 0/0
  2361 | D:1      | Learned a level 1 spell: Summon Small Mammal
  3289 | D:2      | Reached XP level 4. HP: 24/31 MP: 0/0
  4869 | D:3      | Reached XP level 5. HP: 29/35 MP: 0/0
  4869 | D:3      | Learned a level 2 spell: Blink
  4881 | D:3      | Reached skill level 4 in Spellcasting
  5618 | D:3      | Reached XP level 6. HP: 31/40 MP: 0/0
  6228 | D:4      | Noticed an ogre
  6232 | D:4      | Killed an ogre
  6337 | D:4      | Reached skill level 5 in Spellcasting
  6578 | D:4      | Reached XP level 7. HP: 30/45 MP: 0/0
  6578 | D:4      | Learned a level 3 spell: Ozocubu's Armour
  6597 | D:4      | Killed from afar by an orc priest

Illustrated notes

Levels and vault maps discovered:
D:1:      roderic_dead_forest, layout_loops_ring, basic_ecumenical_altar
D:2:      layout_loops_corners
D:3:      layout_basic, kennysheep_crisscross
D:4:      layout_basic, nicolae_sif_muna_little_library

Skill      XL: |  1  2  3  4  5  6 |
---------------+-------------------+-----
Spellcasting   | 3 4 5 |  5.2
Stealth        | 2 |  2.6
Fighting       | |  0.1
Axes           | |  0.5
Staves         | |  0.3
Dodging        | |  2.4

Action                   |  1- 3 |  4- 6 |  7- 9 || total
-------------------------+-------+-------+-------++-------
Melee: Quarterstaff      |     5 |     1 |       ||     6
       Hand axe          |       |     6 |       ||     6
 Cast: Foxfire           |    37 |    34 |     3 ||    74
       Scorch            |    19 |    33 |     4 ||    56
       Summon Small Mamm |     1 |       |     1 ||     2
       Inner Flame       |       |     7 |     1 ||     8
  Use: Scroll            |       |     1 |       ||     1
Armor: Robe              |     4 |     1 |       ||     5
Dodge: Dodged            |     9 |    10 |       ||    19
